Philadelphia Flyers vs New York Rangers
Created - Monday, May 13, 2024 at 07:22
Goals
|
| Philadelphia Flyers |
0 |
2 |
0 |
2 |
| New York Rangers |
0 |
1 |
2 |
3 |
|
Shots
|
| Philadelphia Flyers |
6 |
20 |
15 |
41 |
| New York Rangers |
4 |
18 |
17 |
39 |
|
1st period
No Goal
Penalties :
Elias Lindholm (PHI) for High sticking (Double Minor) at 8:29
2nd period
1. Philadelphia Flyers , Elias Lindholm 19 (Vladimir Tarasenko 27) at 13:53
2. Philadelphia Flyers , Bryan Rust 11 (Matt Roy 21, Marcus Johansson 31) at 14:27
3. New York Rangers , Jake McCabe 1 (Artemi Panarin 35, Nathan MacKinnon 44) at 17:31
Penalties :
No Penalty
3rd period
4. New York Rangers , Mathew Barzal 33 (Jake McCabe 11) at 1:39
5. New York Rangers , Mathew Barzal 34 (Nathan MacKinnon 45, Cole Caufield 26) at 12:56 (PP)
Penalties :
Artemi Panarin (NYR) for Roughing (Minor) at 4:00, Gabriel Landeskog (NYR) for Holding (Minor) at 6:36, Matt Duchene (PHI) for Roughing (Minor) at 11:14
Goalie Stats
Craig Anderson (PHI), 36 saves from 39 shots - (0.923), L, 13-11-1, 58:22 minutes
Tristan Jarry (NYR), 39 saves from 41 shots - (0.951), W, 10-5-5, 60:00 minutes
Players Stats for Philadelphia Flyers
Player Name G A P +/- PIM S H SB GA TA FO MP PP MP PK MP
------------------------------------------------------------------------------------
Artem Zub 0 0 0 0 0 0 0 1 0 3 0/0 18:01 0:00 2:53
Auston Matthews 0 0 0 0 0 2 3 0 0 0 11/18 19:02 2:03 1:29
Ben Chiarot 0 0 0 1 0 1 3 2 0 0 0/0 19:47 0:00 2:41
Bryan Rust 1 0 1 1 0 7 2 2 2 0 0/0 12:56 0:00 2:35
Elias Lindholm 1 0 1 1 4 6 1 1 0 0 10/18 18:26 2:03 0:38
Erik Gustafsson 0 0 0 0 0 1 0 1 0 1 0/0 18:09 1:25 1:04
Jesper Fast 0 0 0 -2 0 1 1 0 0 0 0/0 12:03 0:00 2:03
Justin Faulk 0 0 0 1 0 1 2 1 0 0 0/0 22:25 2:33 1:56
Marcus Johansson 0 1 1 0 0 2 1 0 1 0 0/1 17:23 1:55 1:03
Matt Duchene 0 0 0 0 2 2 1 0 0 0 1/1 17:32 2:03 0:00
Matt Roy 0 1 1 -1 0 3 0 0 0 3 0/0 20:49 1:25 2:18
Matthew Peca 0 0 0 -2 0 1 1 0 1 1 5/9 10:00 0:00 0:00
Max Pacioretty 0 0 0 1 0 3 1 1 0 1 1/1 10:10 0:00 0:00
Oliver Ekman-Larsson 0 0 0 -1 0 1 0 1 0 0 0/0 20:49 2:33 0:30
Radek Faksa 0 0 0 1 0 1 0 1 0 1 2/11 12:56 0:00 2:35
Sonny Milano 0 0 0 -2 0 2 1 2 0 0 1/1 10:00 0:00 0:00
Tyler Johnson 0 0 0 1 0 4 0 0 1 0 2/3 17:24 1:55 0:59
Vladimir Tarasenko 0 1 1 1 0 3 0 2 0 2 0/1 16:25 1:55 0:00
Players Stats for New York Rangers
Player Name G A P +/- PIM S H SB GA TA FO MP PP MP PK MP
------------------------------------------------------------------------------------
Adam Larsson 0 0 0 -1 0 2 0 1 0 1 0/0 22:32 2:53 2:01
Artemi Panarin 0 1 1 0 2 6 0 2 2 0 0/3 19:17 2:27 0:00
Cam Fowler 0 0 0 -1 0 1 1 2 0 0 0/0 17:35 0:20 0:00
Cole Caufield 0 1 1 0 0 0 0 3 2 1 0/0 17:44 2:36 0:10
Conor Garland 0 0 0 0 0 4 1 0 1 1 1/1 11:40 0:28 0:00
David Kampf 0 0 0 0 0 0 0 0 0 0 2/4 10:04 0:38 1:47
Dmitry Kulikov 0 0 0 -1 0 4 2 3 0 0 0/0 18:59 0:00 1:57
Eric Robinson 0 0 0 0 0 0 0 0 0 0 0/0 8:45 0:00 2:01
Filip Chytil 0 0 0 0 0 0 0 0 2 0 2/2 13:16 2:28 0:00
Gabriel Landeskog 0 0 0 0 2 1 3 0 0 0 0/0 17:14 2:25 0:00
Jake McCabe 1 1 2 2 0 1 3 0 1 2 0/0 15:41 0:00 0:00
Mark Giordano 0 0 0 -1 0 0 2 1 0 0 0/0 21:40 2:28 2:01
Mathew Barzal 2 0 2 0 0 10 1 0 1 0 3/11 17:40 2:36 0:10
Matthew Benning 0 0 0 2 0 0 0 2 0 0 0/0 18:04 0:20 1:57
Mikael Granlund 0 0 0 0 0 2 2 0 2 0 6/11 14:26 2:36 0:00
Nathan MacKinnon 0 2 2 0 0 2 1 0 0 0 0/0 19:56 2:53 0:00
Pierre-Luc Dubois 0 0 0 0 0 3 1 0 0 0 17/32 21:17 2:27 2:01
Tyler Motte 0 0 0 0 0 3 0 0 1 0 0/0 10:10 0:50 1:47
3 Stars
1 - Jake McCabe (NYR)
2 - Mathew Barzal (NYR)
3 - Tristan Jarry (NYR)
Power Play
Philadelphia Flyers - 0 on 2 Attempt(s) - 0.00%
New York Rangers - 1 on 3 Attempt(s) - 33.33%
Penalty Kill
Philadelphia Flyers - 2 on 3 Attempt(s) - 66.67%
- Score 0 goal in Penalty Kill
New York Rangers - 2 on 2 Attempt(s) - 100.00%
- Score 0 goal in Penalty Kill
Team Stat
Philadelphia Flyers - Hits : 17 - Faceoff Wins : 33 - Blocked Shots : 15 - Penalty Minutes : 6
New York Rangers - Hits : 17 - Faceoff Wins : 31 - Blocked Shots : 14 - Penalty Minutes : 4
Official
Referees : Trevor Hanson and Tom Kowal
Linesman : Michel Cormier and Derek Amell
Game Notes
No Game Note
Finance
Level 1 -- Attendance: 4455 (74.25%) -- Ticket Income $454,410
Level 2 -- Attendance: 3383 (67.66%) -- Ticket Income $213,129
Level 3 -- Attendance: 1980 (66.00%) -- Ticket Income $81,180
Level 4 -- Attendance: 3613 (72.26%) -- Ticket Income $101,164
Luxury Box -- Attendance: 720 (72.00%) -- Ticket Income $140,400
Game was played at the Madison Square Garden.
Total Attendance: 14151 (70.76%)
Total Ticket Income: $990,283
Other Income: $346,599
Total Income: $1,336,882
Philadelphia Flyers
5 vs 5 Forward
Center Left Wing Right Wing Time % Phy DF OF
1 Auston Matthews Matt Duchene Marcus Johansson 30 1 1 3
2 Elias Lindholm Vladimir Tarasenko Tyler Johnson 30 1 1 3
3 Radek Faksa Bryan Rust Max Pacioretty 20 1 2 2
4 Matthew Peca Sonny Milano Jesper Fast 20 1 2 2
5 vs 5 Defense
Defense Defense Time % Phy DF OF
1 Justin Faulk Ben Chiarot 35 1 2 2
2 Oliver Ekman-Larsson Matt Roy 35 1 2 2
3 Erik Gustafsson Artem Zub 30 1 2 2
4 Justin Faulk Ben Chiarot 0 1 2 2
PowerPlay Forward
Center Left Wing Right Wing Time % Phy DF OF
1 Auston Matthews Elias Lindholm Matt Duchene 55 0 1 4
2 Tyler Johnson Vladimir Tarasenko Marcus Johansson 45 0 1 4
PowerPlay Defense
Defense Defense Time % Phy DF OF
1 Justin Faulk Oliver Ekman-Larsson 55 0 2 3
2 Erik Gustafsson Matt Roy 45 0 2 3
Penalty Kill 4 Players Forward
Center Wing Time % Phy DF OF
1 Radek Faksa Bryan Rust 50 0 4 1
2 Elias Lindholm Jesper Fast 50 0 4 1
Penalty Kill 4 Players Defense
Defense Defense Time % Phy DF OF
1 Ben Chiarot Artem Zub 50 0 5 0
2 Matt Roy Justin Faulk 50 0 5 0
Penalty Kill - 3 Players Forward
Forward Time % Phy DF OF
1 Radek Faksa 50 0 5 0
2 Elias Lindholm 50 0 5 0
Penalty Kill - 3 Players Defense
Defense Defense Time % Phy DF OF
1 Ben Chiarot Artem Zub 50 0 5 0
2 Matt Roy Justin Faulk 50 0 5 0
4 vs 4 Forward
Center Wing Time % Phy DF OF
1 Auston Matthews Vladimir Tarasenko 50 0 2 3
2 Elias Lindholm Matt Duchene 50 0 2 3
4 vs 4 Defense
Defense Defense Time % Phy DF OF
1 Justin Faulk Ben Chiarot 50 1 2 2
2 Oliver Ekman-Larsson Matt Roy 50 1 2 2
Last Minutes Offensive
Center Left Wing Right Wing Defense Defense
Auston Matthews Elias Lindholm Matt Duchene Justin Faulk Oliver Ekman-Larsson
Last Minutes Defensive
Center Left Wing Right Wing Defense Defense
Elias Lindholm Radek Faksa Jesper Fast Ben Chiarot Matt Roy
Goaltenders
Starting : Craig Anderson
Backup : Connor Ingram
Extra Forwards
Normal : Auston Matthews, Elias Lindholm, Matt Duchene - PP : Auston Matthews, Elias Lindholm - PK : Elias Lindholm
Extra Defensemen
Normal : Justin Faulk, Oliver Ekman-Larsson, Erik Gustafsson - PP : Justin Faulk - PK : Ben Chiarot, Erik Gustafsson
Penalty Shots
Auston Matthews, Matt Duchene, Marcus Johansson, Elias Lindholm, Vladimir Tarasenko
New York Rangers
5 vs 5 Forward
Center Left Wing Right Wing Time % Phy DF OF
1 Pierre-Luc Dubois Artemi Panarin Nathan MacKinnon 37 0 1 4
2 Mathew Barzal Cole Caufield Gabriel Landeskog 30 1 1 3
3 Mikael Granlund Filip Chytil Conor Garland 23 1 2 2
4 David Kampf Eric Robinson Tyler Motte 10 1 3 1
5 vs 5 Defense
Defense Defense Time % Phy DF OF
1 Cam Fowler Dmitry Kulikov 35 1 2 2
2 Adam Larsson Mark Giordano 33 1 2 2
3 Matthew Benning Jake McCabe 32 1 2 2
4 Cam Fowler Adam Larsson 0 1 2 2
PowerPlay Forward
Center Left Wing Right Wing Time % Phy DF OF
1 Pierre-Luc Dubois Gabriel Landeskog Artemi Panarin 50 0 1 4
2 Mikael Granlund Mathew Barzal Cole Caufield 50 0 1 4
PowerPlay Defense
Defense Defense Time % Phy DF OF
1 Nathan MacKinnon Adam Larsson 60 1 1 3
2 Filip Chytil Mark Giordano 40 1 1 3
Penalty Kill 4 Players Forward
Center Wing Time % Phy DF OF
1 Pierre-Luc Dubois Eric Robinson 50 1 3 1
2 David Kampf Tyler Motte 50 1 3 1
Penalty Kill 4 Players Defense
Defense Defense Time % Phy DF OF
1 Matthew Benning Dmitry Kulikov 50 1 3 1
2 Adam Larsson Mark Giordano 50 1 3 1
Penalty Kill - 3 Players Forward
Forward Time % Phy DF OF
1 Pierre-Luc Dubois 50 1 2 2
2 David Kampf 50 1 2 2
Penalty Kill - 3 Players Defense
Defense Defense Time % Phy DF OF
1 Matthew Benning Dmitry Kulikov 50 1 3 1
2 Adam Larsson Mark Giordano 50 1 3 1
4 vs 4 Forward
Center Wing Time % Phy DF OF
1 Nathan MacKinnon Artemi Panarin 50 0 2 3
2 Pierre-Luc Dubois Cole Caufield 50 0 2 3
4 vs 4 Defense
Defense Defense Time % Phy DF OF
1 Cam Fowler Adam Larsson 50 1 2 2
2 Dmitry Kulikov Mark Giordano 50 1 2 2
Last Minutes Offensive
Center Left Wing Right Wing Defense Defense
Nathan MacKinnon Cole Caufield Pierre-Luc Dubois Cam Fowler Adam Larsson
Last Minutes Defensive
Center Left Wing Right Wing Defense Defense
David Kampf Tyler Motte Mikael Granlund Dmitry Kulikov Adam Larsson
Goaltenders
Starting : Tristan Jarry
Backup : Igor Shesterkin
Extra Forwards
Normal : Nathan MacKinnon, Pierre-Luc Dubois, Gabriel Landeskog - PP : Gabriel Landeskog, Cole Caufield - PK : David Kampf
Extra Defensemen
Normal : Matthew Benning, Jake McCabe, Dmitry Kulikov - PP : Matthew Benning - PK : Jake McCabe, Dmitry Kulikov
Penalty Shots
Artemi Panarin, Cole Caufield, Pierre-Luc Dubois, Mark Giordano, David Kampf
% Time on Ice - Philadelphia Flyers
Lines # - Real PCT - Wanted PCT - Time Play
Normal Forward
1 - 30% - 30% - 14:45
2 - 29% - 30% - 14:30
3 - 21% - 20% - 10:10
4 - 20% - 20% - 10:00
Normal Defense
1 - 35% - 35% - 17:06
2 - 35% - 35% - 17:11
3 - 31% - 30% - 15:08
4 - 0% - 0% - 0:00
PP Forward
1 - 52% - 55% - 2:03
2 - 48% - 45% - 1:55
PP Defense
1 - 64% - 55% - 2:33
2 - 36% - 45% - 1:25
PK Forward
1 - 45% - 50% - 2:35
2 - 55% - 50% - 3:06
PK Defense
1 - 51% - 50% - 2:53
2 - 49% - 50% - 2:48
PK3 Forward
1 - 0% - 50%
2 - 0% - 50%
PK3 Defense
1 - 0% - 50%
2 - 0% - 50%
44 Forward
1 - 0% - 50%
2 - 0% - 50%
44 Defense
1 - 0% - 50%
2 - 0% - 50%
Last Minute Offensive - 0:56
Last Minute Defensive - 0:00
Total
Forward - 60:00
Defense - 60:00
|
% Time on Ice - New York Rangers
Lines # - Real PCT - Wanted PCT - Time Play
Normal Forward
1 - 34% - 37% - 16:49
2 - 30% - 30% - 14:54
3 - 23% - 23% - 11:12
4 - 13% - 10% - 6:31
Normal Defense
1 - 35% - 35% - 17:16
2 - 33% - 33% - 16:16
3 - 32% - 32% - 15:41
4 - 0% - 0% - 0:13
PP Forward
1 - 51% - 50% - 2:53
2 - 49% - 50% - 2:48
PP Defense
1 - 57% - 60% - 3:13
2 - 43% - 40% - 2:28
PK Forward
1 - 51% - 50% - 2:01
2 - 49% - 50% - 1:57
PK Defense
1 - 49% - 50% - 1:57
2 - 51% - 50% - 2:01
PK3 Forward
1 - 0% - 50%
2 - 0% - 50%
PK3 Defense
1 - 0% - 50%
2 - 0% - 50%
44 Forward
1 - 0% - 50%
2 - 0% - 50%
44 Defense
1 - 0% - 50%
2 - 0% - 50%
Last Minute Offensive - 0:00
Last Minute Defensive - 0:55
Total
Forward - 60:00
Defense - 60:00
|
Play-by-Play
1st period
0:01 of 1st period - Pierre-Luc Dubois wins face-off versus Auston Matthews in neutral zone.
0:48 of 1st period - Off-side.
0:49 of 1st period - Mikael Granlund wins face-off versus Radek Faksa in neutral zone.
1:20 of 1st period - Off-side.
1:21 of 1st period - Pierre-Luc Dubois wins face-off versus Elias Lindholm in neutral zone.
1:28 of 1st period - Snap shot by Nathan MacKinnon.
1:28 of 1st period - Shot Blocked by Vladimir Tarasenko.
1:30 of 1st period - Snap shot by Pierre-Luc Dubois.
1:30 of 1st period - Shot Blocked by Elias Lindholm.
1:32 of 1st period - Slapshot by Adam Larsson.
1:32 of 1st period - Deflect By Elias Lindholm.
1:32 of 1st period - Stopped by Craig Anderson with a rebound.
1:40 of 1st period - Elias Lindholm is hit by Mark Giordano and loses puck.
1:51 of 1st period - Snap shot by Elias Lindholm.
1:51 of 1st period - Stopped by Tristan Jarry with a rebound.
2:03 of 1st period - Snap shot by Auston Matthews.
2:03 of 1st period - Shot Blocked by Adam Larsson.
2:19 of 1st period - Snap shot by Sonny Milano.
2:19 of 1st period - Stopped by Tristan Jarry with a rebound.
2:21 of 1st period - Snap shot by Matthew Peca.
2:21 of 1st period - Deflect By Mikael Granlund.
2:21 of 1st period - Shot Blocked by Mark Giordano.
2:21 of 1st period - Puck is out of play.
2:22 of 1st period - Sonny Milano wins face-off versus Artemi Panarin in New York Rangers zone.
2:23 of 1st period - Wrist shot by Matthew Peca.
2:23 of 1st period - Stopped by Tristan Jarry with a rebound.
3:54 of 1st period - Snap shot by Elias Lindholm.
3:54 of 1st period - Shot Blocked by Dmitry Kulikov.
4:36 of 1st period - Radek Faksa is hit by Mikael Granlund and loses puck.
5:08 of 1st period - Vladimir Tarasenko is hit by Gabriel Landeskog.
5:20 of 1st period - Snap shot by Matt Duchene.
5:20 of 1st period - Stopped by Tristan Jarry without a rebound.
5:21 of 1st period - Pierre-Luc Dubois wins face-off versus Marcus Johansson in New York Rangers zone.
5:33 of 1st period - Slapshot by Adam Larsson.
5:33 of 1st period - Stopped by Craig Anderson without a rebound.
5:34 of 1st period - Elias Lindholm wins face-off versus Pierre-Luc Dubois in Philadelphia Flyers zone.
6:16 of 1st period - Marcus Johansson is hit by Gabriel Landeskog and loses puck.
6:36 of 1st period - Off-side.
6:37 of 1st period - Matthew Peca wins face-off versus Pierre-Luc Dubois in neutral zone.
6:50 of 1st period - Snap shot by Nathan MacKinnon.
6:50 of 1st period - Shot Misses the Net.
7:31 of 1st period - Wrist shot by Mikael Granlund.
7:31 of 1st period - Shot Blocked by Bryan Rust.
7:33 of 1st period - Slapshot by Mark Giordano.
7:33 of 1st period - Shot Blocked by Ben Chiarot.
8:29 of 1st period - Double Minor Penalty to Elias Lindholm for High sticking.
8:30 of 1st period - Pierre-Luc Dubois wins face-off versus Radek Faksa in Philadelphia Flyers zone.
8:44 of 1st period - Snap shot by Artemi Panarin.
8:44 of 1st period - Deflect By Pierre-Luc Dubois.
8:44 of 1st period - Stopped by Craig Anderson with a rebound.
8:46 of 1st period - Wrist shot by Pierre-Luc Dubois.
8:46 of 1st period - Shot Blocked by Radek Faksa.
9:06 of 1st period - Snap shot by Mikael Granlund.
9:06 of 1st period - Stopped by Craig Anderson with a rebound.
10:38 of 1st period - Radek Faksa is hit by Mikael Granlund and loses puck.
12:29 of 1st period - Penalty to Elias Lindholm is over, Elias Lindholm is back on ice.
14:26 of 1st period - Tyler Motte is hit by Auston Matthews and loses puck.
14:41 of 1st period - Matt Roy is hit by Jake McCabe and loses puck.
16:45 of 1st period - Jesper Fast is hit by Cam Fowler and loses puck.
17:56 of 1st period - Snap shot by Tyler Johnson.
17:56 of 1st period - Shot Misses the Net.
18:57 of 1st period - Snap shot by Elias Lindholm.
18:57 of 1st period - Deflect By Mark Giordano.
18:57 of 1st period - Shot Misses the Net.
18:57 of 1st period - Puck is out of play.
18:58 of 1st period - David Kampf wins face-off versus Elias Lindholm in New York Rangers zone.
19:05 of 1st period - Snap shot by Elias Lindholm.
19:05 of 1st period - Stopped by Tristan Jarry with a rebound.
19:07 of 1st period - Slapshot by Tyler Johnson.
19:07 of 1st period - Stopped by Tristan Jarry with a rebound.
19:09 of 1st period - Wrist shot by Vladimir Tarasenko.
19:09 of 1st period - Shot Misses the Net.
19:11 of 1st period - Wrist shot by Elias Lindholm.
19:11 of 1st period - Shot Blocked by Cam Fowler.
19:21 of 1st period - Auston Matthews is hit by Dmitry Kulikov.
19:33 of 1st period - Wrist shot by Pierre-Luc Dubois.
19:33 of 1st period - Shot Misses the Net.
Goals for this period are 0 for Philadelphia Flyers vs 0 for New York Rangers.
Shots for this period are 6 for Philadelphia Flyers vs 4 for New York Rangers.
2nd period
0:01 of 2nd period - Elias Lindholm wins face-off versus Artemi Panarin in neutral zone.
0:03 of 2nd period - Off-side.
0:04 of 2nd period - Pierre-Luc Dubois wins face-off versus Elias Lindholm in neutral zone.
0:31 of 2nd period - Adam Larsson is hit by Marcus Johansson and loses puck.
1:04 of 2nd period - Wrist shot by Tyler Motte.
1:04 of 2nd period - Shot Blocked by Oliver Ekman-Larsson.
1:14 of 2nd period - Slapshot by Matt Roy.
1:14 of 2nd period - Stopped by Tristan Jarry without a rebound.
1:15 of 2nd period - Filip Chytil wins face-off versus Matthew Peca in New York Rangers zone.
1:15 of 2nd period - Filip Chytil is hit by Ben Chiarot.
1:18 of 2nd period - Icing by Conor Garland.
1:19 of 2nd period - Filip Chytil wins face-off versus Matthew Peca in New York Rangers zone.
1:19 of 2nd period - Filip Chytil is hit by Ben Chiarot.
1:29 of 2nd period - Wrist shot by Conor Garland.
1:29 of 2nd period - Stopped by Craig Anderson without a rebound.
1:30 of 2nd period - Elias Lindholm wins face-off versus Pierre-Luc Dubois in Philadelphia Flyers zone.
1:30 of 2nd period - Elias Lindholm is hit by Nathan MacKinnon.
2:05 of 2nd period - Snap shot by Mathew Barzal.
2:05 of 2nd period - Stopped by Craig Anderson with a rebound.
2:07 of 2nd period - Snap shot by Mathew Barzal.
2:07 of 2nd period - Stopped by Craig Anderson without a rebound.
2:08 of 2nd period - Pierre-Luc Dubois wins face-off versus Radek Faksa in Philadelphia Flyers zone.
2:35 of 2nd period - Gabriel Landeskog is hit by Matt Duchene and loses puck.
2:56 of 2nd period - Wrist shot by Elias Lindholm.
2:56 of 2nd period - Stopped by Tristan Jarry without a rebound.
2:57 of 2nd period - Elias Lindholm wins face-off versus Mikael Granlund in New York Rangers zone.
3:04 of 2nd period - Snap shot by Elias Lindholm.
3:04 of 2nd period - Shot Blocked by Cam Fowler.
3:38 of 2nd period - Wrist shot by Auston Matthews.
3:38 of 2nd period - Shot Misses the Net.
4:00 of 2nd period - Wrist shot by Gabriel Landeskog.
4:00 of 2nd period - Stopped by Craig Anderson without a rebound.
4:01 of 2nd period - Mikael Granlund wins face-off versus Vladimir Tarasenko in Philadelphia Flyers zone.
4:52 of 2nd period - Snap shot by Auston Matthews.
4:52 of 2nd period - Stopped by Tristan Jarry with a rebound.
4:54 of 2nd period - Slapshot by Matt Roy.
4:54 of 2nd period - Shot Misses the Net.
4:56 of 2nd period - Slapshot by Matt Roy.
4:56 of 2nd period - Stopped by Tristan Jarry with a rebound.
4:58 of 2nd period - Wrist shot by Sonny Milano.
4:58 of 2nd period - Shot Blocked by Cole Caufield.
5:00 of 2nd period - Slapshot by Matt Roy.
5:00 of 2nd period - Shot Misses the Net.
5:14 of 2nd period - Slapshot by Tyler Motte.
5:14 of 2nd period - Stopped by Craig Anderson with a rebound.
5:16 of 2nd period - Snap shot by David Kampf.
5:16 of 2nd period - Shot Misses the Net.
5:35 of 2nd period - Icing by Justin Faulk.
5:36 of 2nd period - Pierre-Luc Dubois wins face-off versus Elias Lindholm in Philadelphia Flyers zone.
5:37 of 2nd period - Wrist shot by Artemi Panarin.
5:37 of 2nd period - Shot Blocked by Vladimir Tarasenko.
5:39 of 2nd period - Slapshot by Mark Giordano.
5:39 of 2nd period - Shot Misses the Net.
5:41 of 2nd period - Snap shot by Artemi Panarin.
5:41 of 2nd period - Stopped by Craig Anderson with a rebound.
5:43 of 2nd period - Snap shot by Nathan MacKinnon.
5:43 of 2nd period - Shot Misses the Net.
5:45 of 2nd period - Slapshot by Adam Larsson.
5:45 of 2nd period - Shot Blocked by Ben Chiarot.
5:47 of 2nd period - Wrist shot by Mark Giordano.
5:47 of 2nd period - Shot Misses the Net.
6:05 of 2nd period - Slapshot by Justin Faulk.
6:05 of 2nd period - Deflect By Marcus Johansson.
6:05 of 2nd period - Stopped by Tristan Jarry with a rebound.
6:27 of 2nd period - Slapshot by Adam Larsson.
6:27 of 2nd period - Shot Blocked by Sonny Milano.
6:34 of 2nd period - Off-side.
6:35 of 2nd period - Tyler Johnson wins face-off versus Pierre-Luc Dubois in neutral zone.
7:02 of 2nd period - Gabriel Landeskog is hit by Auston Matthews and loses puck.
7:09 of 2nd period - Snap shot by Matt Duchene.
7:09 of 2nd period - Stopped by Tristan Jarry without a rebound.
7:10 of 2nd period - Auston Matthews wins face-off versus Mathew Barzal in New York Rangers zone.
7:37 of 2nd period - Artemi Panarin is hit by Elias Lindholm and loses puck.
7:58 of 2nd period - Wrist shot by Conor Garland.
7:58 of 2nd period - Stopped by Craig Anderson without a rebound.
7:59 of 2nd period - Mikael Granlund wins face-off versus Radek Faksa in Philadelphia Flyers zone.
8:00 of 2nd period - Snap shot by Conor Garland.
8:00 of 2nd period - Shot Blocked by Justin Faulk.
8:02 of 2nd period - Slapshot by Conor Garland.
8:02 of 2nd period - Shot Misses the Net.
8:04 of 2nd period - Slapshot by Conor Garland.
8:04 of 2nd period - Stopped by Craig Anderson with a rebound.
8:06 of 2nd period - Wrist shot by Dmitry Kulikov.
8:06 of 2nd period - Deflect By Conor Garland.
8:06 of 2nd period - Stopped by Craig Anderson with a rebound.
8:08 of 2nd period - Slapshot by Dmitry Kulikov.
8:08 of 2nd period - Shot Misses the Net.
8:10 of 2nd period - Slapshot by Dmitry Kulikov.
8:10 of 2nd period - Stopped by Craig Anderson without a rebound.
8:11 of 2nd period - Pierre-Luc Dubois wins face-off versus Auston Matthews in Philadelphia Flyers zone.
8:14 of 2nd period - Wrist shot by Artemi Panarin.
8:14 of 2nd period - Stopped by Craig Anderson without a rebound.
8:15 of 2nd period - Pierre-Luc Dubois wins face-off versus Auston Matthews in Philadelphia Flyers zone.
9:10 of 2nd period - Snap shot by Mikael Granlund.
9:10 of 2nd period - Shot Misses the Net.
9:30 of 2nd period - Wrist shot by Max Pacioretty.
9:30 of 2nd period - Shot Misses the Net.
9:32 of 2nd period - Snap shot by Max Pacioretty.
9:32 of 2nd period - Stopped by Tristan Jarry with a rebound.
9:42 of 2nd period - Auston Matthews is hit by Pierre-Luc Dubois and loses puck.
10:23 of 2nd period - Nathan MacKinnon is hit by Bryan Rust and loses puck.
10:40 of 2nd period - Wrist shot by Artemi Panarin.
10:40 of 2nd period - Stopped by Craig Anderson without a rebound.
10:41 of 2nd period - Mathew Barzal wins face-off versus Elias Lindholm in Philadelphia Flyers zone.
11:53 of 2nd period - Slapshot by Bryan Rust.
11:53 of 2nd period - Stopped by Tristan Jarry without a rebound.
11:54 of 2nd period - Conor Garland wins face-off versus Auston Matthews in New York Rangers zone.
12:19 of 2nd period - Pierre-Luc Dubois is hit by Justin Faulk and loses puck.
12:40 of 2nd period - Matthew Benning is hit by Jesper Fast.
12:41 of 2nd period - Icing by Matthew Benning.
12:42 of 2nd period - Matthew Peca wins face-off versus Mathew Barzal in New York Rangers zone.
12:43 of 2nd period - Snap shot by Sonny Milano.
12:43 of 2nd period - Deflect By Jesper Fast.
12:43 of 2nd period - Shot Misses the Net.
12:43 of 2nd period - Puck is out of play.
12:44 of 2nd period - Mathew Barzal wins face-off versus Matthew Peca in New York Rangers zone.
12:44 of 2nd period - Mathew Barzal is hit by Sonny Milano.
13:05 of 2nd period - Wrist shot by Jesper Fast.
13:05 of 2nd period - Shot Blocked by Cole Caufield.
13:07 of 2nd period - Backhand shot by Artem Zub.
13:07 of 2nd period - Shot Misses the Net.
13:09 of 2nd period - Wrist shot by Sonny Milano.
13:09 of 2nd period - Shot Blocked by Matthew Benning.
13:11 of 2nd period - Snap shot by Oliver Ekman-Larsson.
13:11 of 2nd period - Shot Blocked by Matthew Benning.
13:13 of 2nd period - Wrist shot by Sonny Milano.
13:13 of 2nd period - Stopped by Tristan Jarry with a rebound.
13:15 of 2nd period - Wrist shot by Matthew Peca.
13:15 of 2nd period - Deflect By Sonny Milano.
13:15 of 2nd period - Shot Misses the Net.
13:15 of 2nd period - Puck is out of play.
13:16 of 2nd period - Pierre-Luc Dubois wins face-off versus Auston Matthews in New York Rangers zone.
13:31 of 2nd period - Wrist shot by Pierre-Luc Dubois.
13:31 of 2nd period - Stopped by Craig Anderson without a rebound.
13:32 of 2nd period - Elias Lindholm wins face-off versus Mathew Barzal in Philadelphia Flyers zone.
13:43 of 2nd period - Snap shot by Tyler Johnson.
13:43 of 2nd period - Stopped by Tristan Jarry without a rebound.
13:44 of 2nd period - Elias Lindholm wins face-off versus Artemi Panarin in New York Rangers zone.
13:49 of 2nd period - Slapshot by Elias Lindholm.
13:49 of 2nd period - Shot Misses the Net.
13:51 of 2nd period - Snap shot by Vladimir Tarasenko.
13:51 of 2nd period - Stopped by Tristan Jarry with a rebound.
13:53 of 2nd period - Snap shot by Elias Lindholm.
13:53 of 2nd period - Goal by Elias Lindholm - Philadelphia Flyers : 1 - New York Rangers : 0.
13:54 of 2nd period - Auston Matthews wins face-off versus Pierre-Luc Dubois in neutral zone.
14:23 of 2nd period - Snap shot by Matt Roy.
14:23 of 2nd period - Deflect By Bryan Rust.
14:23 of 2nd period - Stopped by Tristan Jarry with a rebound.
14:25 of 2nd period - Snap shot by Bryan Rust.
14:25 of 2nd period - Stopped by Tristan Jarry with a rebound.
14:27 of 2nd period - Snap shot by Bryan Rust.
14:27 of 2nd period - Goal by Bryan Rust - Philadelphia Flyers : 2 - New York Rangers : 0.
14:28 of 2nd period - Elias Lindholm wins face-off versus Pierre-Luc Dubois in neutral zone.
14:55 of 2nd period - Cam Fowler is hit by Max Pacioretty and loses puck.
15:00 of 2nd period - Snap shot by Max Pacioretty.
15:00 of 2nd period - Stopped by Tristan Jarry with a rebound.
15:02 of 2nd period - Slapshot by Bryan Rust.
15:02 of 2nd period - Stopped by Tristan Jarry with a rebound.
15:24 of 2nd period - Dmitry Kulikov is hit by Auston Matthews and loses puck.
15:43 of 2nd period - Snap shot by Tyler Motte.
15:43 of 2nd period - Stopped by Craig Anderson without a rebound.
15:44 of 2nd period - Elias Lindholm wins face-off versus David Kampf in Philadelphia Flyers zone.
16:09 of 2nd period - Erik Gustafsson is hit by Jake McCabe and loses puck.
17:09 of 2nd period - Slapshot by Gabriel Landeskog.
17:09 of 2nd period - Shot Misses the Net.
17:11 of 2nd period - Snap shot by Gabriel Landeskog.
17:11 of 2nd period - Shot Misses the Net.
17:13 of 2nd period - Slapshot by Mathew Barzal.
17:13 of 2nd period - Stopped by Craig Anderson without a rebound.
17:14 of 2nd period - Pierre-Luc Dubois wins face-off versus Matthew Peca in Philadelphia Flyers zone.
17:29 of 2nd period - Wrist shot by Artemi Panarin.
17:29 of 2nd period - Stopped by Craig Anderson with a rebound.
17:31 of 2nd period - Slapshot by Jake McCabe.
17:31 of 2nd period - Deflect By Sonny Milano.
17:31 of 2nd period - Goal by Jake McCabe - Philadelphia Flyers : 2 - New York Rangers : 1.
17:32 of 2nd period - Pierre-Luc Dubois wins face-off versus Elias Lindholm in neutral zone.
17:39 of 2nd period - Snap shot by Artemi Panarin.
17:39 of 2nd period - Stopped by Craig Anderson without a rebound.
17:40 of 2nd period - Elias Lindholm wins face-off versus Pierre-Luc Dubois in Philadelphia Flyers zone.
18:16 of 2nd period - Snap shot by Elias Lindholm.
18:16 of 2nd period - Shot Hit the Post.
18:18 of 2nd period - Snap shot by Justin Faulk.
18:18 of 2nd period - Deflect By Pierre-Luc Dubois.
18:18 of 2nd period - Stopped by Tristan Jarry with a rebound.
18:20 of 2nd period - Snap shot by Elias Lindholm.
18:20 of 2nd period - Stopped by Tristan Jarry without a rebound.
18:21 of 2nd period - Auston Matthews wins face-off versus Mikael Granlund in New York Rangers zone.
18:48 of 2nd period - Oliver Ekman-Larsson is hit by Mathew Barzal and loses puck.
19:11 of 2nd period - Mark Giordano is hit by Matthew Peca and loses puck.
19:44 of 2nd period - Wrist shot by Marcus Johansson.
19:44 of 2nd period - Stopped by Tristan Jarry without a rebound.
19:45 of 2nd period - Auston Matthews wins face-off versus Mikael Granlund in New York Rangers zone.
Goals for this period are 2 for Philadelphia Flyers vs 1 for New York Rangers.
Shots for this period are 20 for Philadelphia Flyers vs 18 for New York Rangers.
3rd period
0:01 of 3rd period - Pierre-Luc Dubois wins face-off versus Radek Faksa in neutral zone.
0:12 of 3rd period - Wrist shot by Nathan MacKinnon.
0:12 of 3rd period - Shot Misses the Net.
0:14 of 3rd period - Slapshot by Dmitry Kulikov.
0:14 of 3rd period - Shot Blocked by Max Pacioretty.
0:16 of 3rd period - Slapshot by Dmitry Kulikov.
0:16 of 3rd period - Deflect By Pierre-Luc Dubois.
0:16 of 3rd period - Shot Blocked by Bryan Rust.
0:16 of 3rd period - Puck is out of play.
0:17 of 3rd period - Matthew Peca wins face-off versus Mathew Barzal in Philadelphia Flyers zone.
0:24 of 3rd period - Snap shot by Oliver Ekman-Larsson.
0:24 of 3rd period - Stopped by Tristan Jarry with a rebound.
0:26 of 3rd period - Slapshot by Matt Roy.
0:26 of 3rd period - Deflect By Matthew Peca.
0:26 of 3rd period - Shot Blocked by Cole Caufield.
0:26 of 3rd period - Puck is out of play.
0:27 of 3rd period - Matthew Peca wins face-off versus Mathew Barzal in New York Rangers zone.
0:42 of 3rd period - Matt Roy is hit by Jake McCabe and loses puck.
0:51 of 3rd period - Wrist shot by Gabriel Landeskog.
0:51 of 3rd period - Shot Blocked by Sonny Milano.
0:59 of 3rd period - Wrist shot by Mathew Barzal.
0:59 of 3rd period - Stopped by Craig Anderson with a rebound.
1:25 of 3rd period - Wrist shot by Jesper Fast.
1:25 of 3rd period - Stopped by Tristan Jarry with a rebound.
1:27 of 3rd period - Slapshot by Oliver Ekman-Larsson.
1:27 of 3rd period - Shot Misses the Net.
1:39 of 3rd period - Backhand shot by Mathew Barzal.
1:39 of 3rd period - Goal by Mathew Barzal - Philadelphia Flyers : 2 - New York Rangers : 2.
1:40 of 3rd period - Auston Matthews wins face-off versus Pierre-Luc Dubois in neutral zone.
2:36 of 3rd period - Wrist shot by Radek Faksa.
2:36 of 3rd period - Stopped by Tristan Jarry without a rebound.
2:37 of 3rd period - Radek Faksa wins face-off versus Pierre-Luc Dubois in New York Rangers zone.
2:40 of 3rd period - Snap shot by Max Pacioretty.
2:40 of 3rd period - Stopped by Tristan Jarry without a rebound.
2:41 of 3rd period - Pierre-Luc Dubois wins face-off versus Auston Matthews in New York Rangers zone.
2:50 of 3rd period - Backhand shot by Nathan MacKinnon.
2:50 of 3rd period - Stopped by Craig Anderson with a rebound.
2:52 of 3rd period - Snap shot by Pierre-Luc Dubois.
2:52 of 3rd period - Stopped by Craig Anderson without a rebound.
2:53 of 3rd period - Auston Matthews wins face-off versus Pierre-Luc Dubois in Philadelphia Flyers zone.
3:22 of 3rd period - Slapshot by Vladimir Tarasenko.
3:22 of 3rd period - Stopped by Tristan Jarry with a rebound.
3:24 of 3rd period - Slapshot by Ben Chiarot.
3:24 of 3rd period - Stopped by Tristan Jarry with a rebound.
3:26 of 3rd period - Slapshot by Justin Faulk.
3:26 of 3rd period - Shot Misses the Net.
3:28 of 3rd period - Snap shot by Elias Lindholm.
3:28 of 3rd period - Deflect By Vladimir Tarasenko.
3:28 of 3rd period - Shot Misses the Net.
3:28 of 3rd period - Puck is out of play.
3:29 of 3rd period - Radek Faksa wins face-off versus Mathew Barzal in New York Rangers zone.
3:42 of 3rd period - Slapshot by Bryan Rust.
3:42 of 3rd period - Stopped by Tristan Jarry with a rebound.
3:44 of 3rd period - Slapshot by Artem Zub.
3:44 of 3rd period - Deflect By Bryan Rust.
3:44 of 3rd period - Shot Blocked by Dmitry Kulikov.
3:44 of 3rd period - Puck is out of play.
3:45 of 3rd period - Pierre-Luc Dubois wins face-off versus Elias Lindholm in New York Rangers zone.
3:45 of 3rd period - Pierre-Luc Dubois is hit by Ben Chiarot.
3:53 of 3rd period - Wrist shot by Nathan MacKinnon.
3:53 of 3rd period - Stopped by Craig Anderson with a rebound.
4:00 of 3rd period - Minor Penalty to Artemi Panarin for Roughing.
4:01 of 3rd period - Auston Matthews wins face-off versus Pierre-Luc Dubois in New York Rangers zone.
4:28 of 3rd period - Tyler Johnson is hit by Dmitry Kulikov and loses puck.
4:35 of 3rd period - Snap shot by Tyler Motte.
4:35 of 3rd period - Stopped by Craig Anderson with a rebound.
4:39 of 3rd period - Slapshot by Adam Larsson.
4:39 of 3rd period - Shot Misses the Net.
6:00 of 3rd period - Penalty to Artemi Panarin is over, Artemi Panarin is back on ice.
6:14 of 3rd period - Slapshot by Matt Roy.
6:14 of 3rd period - Stopped by Tristan Jarry without a rebound.
6:15 of 3rd period - Max Pacioretty wins face-off versus Mathew Barzal in New York Rangers zone.
6:36 of 3rd period - Minor Penalty to Gabriel Landeskog for Holding.
6:37 of 3rd period - Pierre-Luc Dubois wins face-off versus Auston Matthews in New York Rangers zone.
6:37 of 3rd period - Pierre-Luc Dubois is hit by Justin Faulk.
6:53 of 3rd period - Snap shot by Auston Matthews.
6:53 of 3rd period - Stopped by Tristan Jarry without a rebound.
6:54 of 3rd period - Tyler Johnson wins face-off versus David Kampf in New York Rangers zone.
6:59 of 3rd period - Wrist shot by Tyler Johnson.
6:59 of 3rd period - Stopped by Tristan Jarry without a rebound.
7:00 of 3rd period - David Kampf wins face-off versus Tyler Johnson in New York Rangers zone.
8:09 of 3rd period - Off-side.
8:10 of 3rd period - Auston Matthews wins face-off versus Pierre-Luc Dubois in neutral zone.
8:36 of 3rd period - Penalty to Gabriel Landeskog is over, Gabriel Landeskog is back on ice.
8:54 of 3rd period - Filip Chytil is hit by Bryan Rust and loses puck.
9:14 of 3rd period - Wrist shot by Mathew Barzal.
9:14 of 3rd period - Shot Misses the Net.
9:16 of 3rd period - Slapshot by Mathew Barzal.
9:16 of 3rd period - Deflect By Sonny Milano.
9:16 of 3rd period - Shot Blocked by Erik Gustafsson.
9:16 of 3rd period - Puck is out of play.
9:17 of 3rd period - Matt Duchene wins face-off versus Pierre-Luc Dubois in Philadelphia Flyers zone.
9:48 of 3rd period - Wrist shot by Mathew Barzal.
9:48 of 3rd period - Stopped by Craig Anderson with a rebound.
9:50 of 3rd period - Wrist shot by Cole Caufield.
9:50 of 3rd period - Shot Misses the Net.
9:52 of 3rd period - Slapshot by Dmitry Kulikov.
9:52 of 3rd period - Stopped by Craig Anderson with a rebound.
9:54 of 3rd period - Wrist shot by Gabriel Landeskog.
9:54 of 3rd period - Deflect By Elias Lindholm.
9:54 of 3rd period - Shot Misses the Net.
9:54 of 3rd period - Puck is out of play.
9:55 of 3rd period - Auston Matthews wins face-off versus Mikael Granlund in Philadelphia Flyers zone.
10:02 of 3rd period - Slapshot by Marcus Johansson.
10:02 of 3rd period - Shot Misses the Net.
10:24 of 3rd period - Wrist shot by Artemi Panarin.
10:24 of 3rd period - Deflect By Erik Gustafsson.
10:24 of 3rd period - Stopped by Craig Anderson without a rebound.
10:25 of 3rd period - Elias Lindholm wins face-off versus Pierre-Luc Dubois in Philadelphia Flyers zone.
10:34 of 3rd period - Wrist shot by Elias Lindholm.
10:34 of 3rd period - Shot Blocked by Artemi Panarin.
10:47 of 3rd period - Slapshot by Vladimir Tarasenko.
10:47 of 3rd period - Shot Misses the Net.
10:49 of 3rd period - Wrist shot by Elias Lindholm.
10:49 of 3rd period - Shot Misses the Net.
10:51 of 3rd period - Slapshot by Vladimir Tarasenko.
10:51 of 3rd period - Stopped by Tristan Jarry with a rebound.
10:53 of 3rd period - Slapshot by Tyler Johnson.
10:53 of 3rd period - Stopped by Tristan Jarry with a rebound.
11:03 of 3rd period - Snap shot by Elias Lindholm.
11:03 of 3rd period - Deflect By Tyler Johnson.
11:03 of 3rd period - Shot Misses the Net.
11:03 of 3rd period - Puck is out of play.
11:04 of 3rd period - Auston Matthews wins face-off versus Mathew Barzal in New York Rangers zone.
11:14 of 3rd period - Minor Penalty to Matt Duchene for Roughing.
11:15 of 3rd period - Mikael Granlund wins face-off versus Radek Faksa in Philadelphia Flyers zone.
11:29 of 3rd period - Slapshot by Mathew Barzal.
11:29 of 3rd period - Shot Misses the Net.
11:31 of 3rd period - Wrist shot by Mathew Barzal.
11:31 of 3rd period - Shot Misses the Net.
12:01 of 3rd period - Wrist shot by Elias Lindholm.
12:01 of 3rd period - Stopped by Tristan Jarry with a rebound.
12:12 of 3rd period - Icing by Pierre-Luc Dubois.
12:13 of 3rd period - Pierre-Luc Dubois wins face-off versus Elias Lindholm in New York Rangers zone.
12:34 of 3rd period - Snap shot by Mathew Barzal.
12:34 of 3rd period - Stopped by Craig Anderson with a rebound.
12:36 of 3rd period - Wrist shot by Mikael Granlund.
12:36 of 3rd period - Deflect By Cole Caufield.
12:36 of 3rd period - Shot Misses the Net.
12:36 of 3rd period - Puck is out of play.
12:37 of 3rd period - Mikael Granlund wins face-off versus Radek Faksa in Philadelphia Flyers zone.
12:44 of 3rd period - Wrist shot by Mikael Granlund.
12:44 of 3rd period - Stopped by Craig Anderson without a rebound.
12:45 of 3rd period - Mikael Granlund wins face-off versus Radek Faksa in Philadelphia Flyers zone.
12:54 of 3rd period - Slapshot by Nathan MacKinnon.
12:54 of 3rd period - Shot Blocked by Artem Zub.
12:56 of 3rd period - Snap shot by Mathew Barzal.
12:56 of 3rd period - Goal by Mathew Barzal - Philadelphia Flyers : 2 - New York Rangers : 3.
12:57 of 3rd period - Auston Matthews wins face-off versus Pierre-Luc Dubois in neutral zone.
13:24 of 3rd period - Erik Gustafsson is hit by Conor Garland.
13:32 of 3rd period - Snap shot by Conor Garland.
13:32 of 3rd period - Shot Misses the Net.
13:34 of 3rd period - Snap shot by Conor Garland.
13:34 of 3rd period - Shot Misses the Net.
13:36 of 3rd period - Slapshot by Filip Chytil.
13:36 of 3rd period - Shot Misses the Net.
15:28 of 3rd period - Bryan Rust is hit by Mark Giordano and loses puck.
15:37 of 3rd period - Wrist shot by Mathew Barzal.
15:37 of 3rd period - Stopped by Craig Anderson without a rebound.
15:38 of 3rd period - Matthew Peca wins face-off versus Mikael Granlund in Philadelphia Flyers zone.
16:03 of 3rd period - Snap shot by Mathew Barzal.
16:03 of 3rd period - Stopped by Craig Anderson with a rebound.
16:05 of 3rd period - Wrist shot by Dmitry Kulikov.
16:05 of 3rd period - Stopped by Craig Anderson with a rebound.
16:07 of 3rd period - Backhand shot by Dmitry Kulikov.
16:07 of 3rd period - Deflect By Justin Faulk.
16:07 of 3rd period - Stopped by Craig Anderson with a rebound.
16:09 of 3rd period - Slapshot by Cam Fowler.
16:09 of 3rd period - Stopped by Craig Anderson with a rebound.
17:55 of 3rd period - Artem Zub is hit by Gabriel Landeskog and loses puck.
18:22 of 3rd period - Philadelphia Flyers, Craig Anderson is pulled from the net.
18:24 of 3rd period - Slapshot by Sonny Milano.
18:24 of 3rd period - Shot Blocked by Artemi Panarin.
18:26 of 3rd period - Wrist shot by Erik Gustafsson.
18:26 of 3rd period - Stopped by Tristan Jarry with a rebound.
18:28 of 3rd period - Wrist shot by Jesper Fast.
18:28 of 3rd period - Shot Misses the Net.
18:30 of 3rd period - Slapshot by Artem Zub.
18:30 of 3rd period - Shot Misses the Net.
18:32 of 3rd period - Snap shot by Sonny Milano.
18:32 of 3rd period - Shot Blocked by Dmitry Kulikov.
18:44 of 3rd period - Snap shot by Bryan Rust.
18:44 of 3rd period - Stopped by Tristan Jarry without a rebound.
18:45 of 3rd period - Phil Housley call a timeout for Philadelphia Flyers.
18:45 of 3rd period - Mathew Barzal wins face-off versus Radek Faksa in New York Rangers zone.
Goals for this period are 0 for Philadelphia Flyers vs 2 for New York Rangers.
Shots for this period are 15 for Philadelphia Flyers vs 17 for New York Rangers.
Back to the Top